 Dungeon Crawl Stone Soup version 0.28.0-47-ge53b351184 (webtiles) character file.

Game seed: 6428043899237607385

193 Peloso the Slasher (level 5, 0/47 HPs)
             Began as a Minotaur Fighter on Apr 30, 2022.
             Succumbed to a scorpion's poison
             ... on level 4 of the Dungeon.
             The game lasted 00:06:41 (2552 turns).

Peloso the Slasher (Minotaur Fighter)               Turns: 2552, Time: 00:06:42

Health: 0/47       AC:  7    Str: 21    XL:     5   Next: 44%
Magic:  4/4        EV:  9    Int:  5    God:
Gold:   174        SH:  5    Dex: 11    Spells: 4/4 levels left

rFire   . . .      SeeInvis .   a - +0 long sword
rCold   . . .      Faith    .   c - +0 buckler
rNeg    . . .      Spirit   .   g - +0 scale mail
rPois   .          Reflect  .   (helmet restricted)
rElec   .          Harm     .   (no cloak)
rCorr   .          Rampage  .   (no gloves)
Will    .....                   (no boots)
Stlth   ..........              (no amulet)
HPRegen 0.15/turn               (no ring)
MPRegen 0.09/turn               (no ring)

@: lethally poisoned (0 -> -5)
A: horns 2, retaliatory headbutt
a: no special abilities


You were on level 4 of the Dungeon.
You visited 1 branch of the dungeon, and saw 4 of its levels.

You collected 174 gold pieces.

Inventory:

Hand Weapons
 a - a +0 long sword (weapon)
 b - a +1 hand axe of flaming
Armour
 c - a +0 buckler (worn)
 g - a +0 scale mail (worn)
Scrolls
 e - a scroll of brand weapon {unknown}
 f - a scroll of blinking
 j - a scroll of immolation
 k - a scroll of magic mapping {unknown}
Potions
 d - 3 potions of might


   Skills:
 + Level 4.4 Fighting
 + Level 4.8 Long Blades
 + Level 4.7 Armour
 + Level 0.9 Dodging
 + Level 4.4 Shields


You had 4 spell levels left.
You didn't know any spells.
Your spell library contained the following spells:

 Spells                   Type           Power      Damage    Failure   Level
 Gell's Gravitas          Tloc           0%         N/A       99%         3
 Lesser Beckoning         Tloc           0%         N/A       99%         3
 Teleport Other           Tloc           0%         N/A       99%         3
 Summon Forest            Summ/Tloc      0%         N/A       100%        5
 Eringya's Noxious Bog    Tmut/Pois      0%         N/A       100%        6
 Summon Hydra             Summ           0%         N/A       100%        7


Dungeon Overview and Level Annotations

Branches:
Dungeon (4/15)
 Temple: D:4-7

Altars:
Kikubaaqudgha
Trog
Vehumet


Innate Abilities, Weirdness & Mutations

You have a pair of horns on your head.
You reflexively headbutt those who attack you in melee.


Message History

The scorpion is lightly wounded.
The scorpion stings you.
You are poisoned.
The scorpion poisons you! The scorpion stings you.
You are more poisoned.
The scorpion poisons you!
You barely miss the scorpion.
The scorpion is lightly wounded.
You feel very sick. The scorpion barely misses you.
You slash the scorpion!
The scorpion is heavily wounded.
You feel very sick. The scorpion stings you!
You are lethally poisoned!
The scorpion poisons you! The scorpion closely misses you.
You hit the scorpion but do no damage.
The scorpion is heavily wounded.
* * * LOW HITPOINT WARNING * * *
You feel extremely sick.
The scorpion stings you but does no damage.
You slash the scorpion!
You kill the scorpion!
* * * LOW HITPOINT WARNING * * *
You feel very sick.
You have reached level 5!
Okay, then.
* * * LOW HITPOINT WARNING * * *
You feel very sick.
* * * LOW HITPOINT WARNING * * *
You feel sick.
Okay, then.
There is a lethal amount of poison in your body!
* * * LOW HITPOINT WARNING * * *
You feel sick.
* * * LOW HITPOINT WARNING * * *
You feel sick.
* * * LOW HITPOINT WARNING * * *
You feel sick.
You die...

#.............#
#.. #..####..#...#
#.. #..#.....###.#
#..##..#._..###..#
......#.........#
...............#
...####.......#
#.# ##.........#
#@###............
#......##........
#..#####........#
#.## ..#......
...# ##..... ###..
... ##. #


There were no monsters in sight!

Vanquished Creatures
  A scorpion (D:4)
  2 orc wizards (D:4)
  2 adders (D:2)
  A dart slug (D:1)
  4 orcs
  4 ball pythons (D:2)
  3 endoplasms
  3 giant cockroaches (D:2)
  8 goblins
  9 hobgoblins
  2 jackals (D:1)
  A quokka (D:2)
  5 bats
  2 frilled lizards (D:1)
  4 kobolds
  2 rats
53 creatures vanquished.

Notes
Turn   | Place    | Note
-------+----------+-------------------------------------------
     0 | D:1      | Peloso the Minotaur Fighter began the quest for the Orb.
     0 | D:1      | Reached XP level 1. HP: 19/19 MP: 0/0
   386 | D:1      | Found a faded altar of an unknown god.
   456 | D:1      | Reached XP level 2. HP: 27/27 MP: 1/1
   626 | D:2      | Reached XP level 3. HP: 33/33 MP: 2/2
  1545 | D:3      | Found a bloodstained altar of Trog.
  1689 | D:3      | Reached XP level 4. HP: 34/40 MP: 3/3
  1819 | D:3      | Found a radiant altar of Vehumet.
  2524 | D:4      | Found an ancient bone altar of Kikubaaqudgha.
  2540 | D:4      | Noticed a scorpion
  2546 | D:4      | Killed a scorpion
  2547 | D:4      | Reached XP level 5. HP: 10/47 MP: 4/4
  2550 | D:4      | HP: 1/47 [poisoned by a scorpion]
  2552 | D:4      | Succumbed to a scorpion's poison

Illustrated notes

Levels and vault maps discovered:
D:1:      eino_arrival_water_star, layout_rooms,
          hellmonk_ecumenical_altar_leap_of_faith
D:2:      layout_basic
D:3:      layout_basic, old_standard_altar, vehumet_crystals
D:4:      layout_layer_cave, lemuel_tele_altar, mainiacjoe_overflow_chevrons

Skill      XL: |  1  2  3  4 |
---------------+-------------+-----
Armour         | 4 |  4.7
Shields        | 4 |  4.4
Long Blades    | 3 4 |  4.8
Fighting       | 4 |  4.4
Dodging        | |  0.9

Action                   |  1- 3 |  4- 6 || total
-------------------------+-------+-------++-------
Melee: Long sword        |    92 |    32 ||   124
       Headbutt          |    16 |     3 ||    19
  Use: Scroll            |     4 |     1 ||     5
Armor: Scale mail        |    42 |    20 ||    62
Dodge: Dodged            |    55 |     9 ||    64
Block: Buckler           |    23 |     4 ||    27
